Red Wings vs Flyers
Created - 27 février 2017 at 19:13
Goals
|
| Red Wings |
1 |
1 |
3 |
5 |
| Flyers |
0 |
2 |
1 |
3 |
|
Shots
|
| Red Wings |
5 |
18 |
7 |
30 |
| Flyers |
8 |
11 |
19 |
38 |
|
1st period
1. Red Wings , Stephane Robidas 5 (Ales Hemsky, Adam Henrique) at 17:14
Penalties :
Tomas Plekanec (Det) for Boarding (Minor) at 1:07, Ales Hemsky (Det) for Hooking (Minor) at 3:31, Chris Campoli (Det) for Interference (Minor) at 7:05
2nd period
2. Flyers , Alexei Morozov 24 (Nathan Paetsch) at 10:09
3. Red Wings , Sean Bergenheim 15 (Adam Henrique, Tyler Johnson) at 12:16 (PP)
4. Flyers , Pavel Kubina 1 (Rostislav Olesz, Jeff O'Neill) at 16:06
Penalties :
Chris Kreider (Phi) for Interference (Minor) at 11:45
3rd period
5. Flyers , Jeff Carter 26 (Jakub Voracek, Jonathan Ericsson) at 6:44
6. Red Wings , Mike Richards 28 (Rick Nash, Shea Weber) at 9:20
7. Red Wings , Rick Nash 41 (Mike Richards, Phil Kessel) at 9:36
8. Red Wings , Rick Nash 42 (Phil Kessel, Mike Richards) at 11:13
Penalties :
Rick Nash (Det) for High sticking (Minor) at 7:01
Goalie Stats
Michal Neuvirth (Det), 35 saves from 38 shots - (0,921), W, 25-15-6, 60:00 minutes
Steve Mason (Phi), 25 saves from 30 shots - (0,833), L, 6-13-4, 60:00 minutes
Players Stats for Red Wings
Player Name G A P +/- PIM S H SB GA TA FO MP PP MP PK MP
------------------------------------------------------------------------------------
Adam Henrique 0 2 2 -1 0 2 0 0 0 0 0/0 10:51 0:31 0:00
Ales Hemsky 0 1 1 -1 2 1 0 0 0 0 0/0 10:46 0:00 0:00
Alex Picard 0 0 0 -1 0 0 1 1 0 0 0/0 9:27 0:00 0:47
Chris Campoli 0 0 0 0 2 0 0 2 1 0 0/0 13:58 0:00 0:00
Filip Kuba 0 0 0 0 0 0 3 0 1 2 0/0 22:26 0:13 3:52
Mike Brown 0 0 0 -1 0 0 2 1 0 0 0/0 10:05 0:00 1:29
Mike Richards 1 2 3 3 0 3 1 0 1 0 13/23 19:04 0:00 0:16
Nate Thompson 0 0 0 -1 0 0 0 0 0 1 0/0 8:14 0:00 0:00
Ole-Kristian Tollefsen 0 0 0 1 0 2 4 1 0 0 0/0 23:48 0:18 4:04
Phil Kessel 0 2 2 3 0 2 1 1 0 0 1/2 18:34 0:00 0:00
Rick Nash 2 1 3 3 2 9 0 0 0 1 0/1 21:51 0:00 2:50
Sean Bergenheim 1 0 1 0 0 3 0 0 0 0 0/1 14:11 0:31 0:00
Shea Weber 0 1 1 1 0 1 1 0 0 0 0/0 23:07 0:18 3:52
Stephane Robidas 1 0 1 1 0 1 2 1 2 0 0/0 18:20 0:13 0:00
Steve Downie 0 0 0 0 0 2 0 2 0 0 0/0 17:27 0:00 3:46
Tim Ramholt 0 0 0 -1 0 1 0 0 0 2 0/0 18:19 0:00 4:04
Tomas Plekanec 0 0 0 -1 2 2 3 0 0 0 0/2 13:08 0:00 2:52
Tyler Johnson 0 1 1 0 0 1 0 0 0 0 8/22 18:24 0:31 3:52
Players Stats for Flyers
Player Name G A P +/- PIM S H SB GA TA FO MP PP MP PK MP
------------------------------------------------------------------------------------
Alexei Morozov 1 0 1 0 0 2 0 0 1 0 1/1 18:33 3:58 0:00
Brock Nelson 0 0 0 -1 0 0 2 0 0 0 0/0 10:08 0:03 0:00
Chris Kreider 0 0 0 0 2 4 2 0 0 0 2/2 21:29 3:55 0:00
Dany Heatley 0 0 0 0 0 4 1 0 0 0 1/1 18:08 3:58 0:00
Jakub Voracek 0 1 1 0 0 7 1 0 1 1 1/1 21:33 3:58 0:00
Jeff Carter 1 0 1 0 0 5 3 0 1 0 17/28 21:33 3:58 0:00
Jeff O'Neill 0 1 1 0 0 0 0 0 0 0 1/2 10:08 0:00 0:00
Jeff Woywitka 0 0 0 0 0 0 0 3 0 1 0/0 25:30 4:05 0:31
John-Michael Liles 0 0 0 1 0 0 0 1 0 0 0/0 10:47 0:00 0:00
Jonathan Ericsson 0 1 1 0 0 1 2 1 1 0 0/0 25:30 4:05 0:31
Kyle Wellwood 0 0 0 0 0 5 4 0 0 0 6/10 18:08 3:58 0:00
Mats Zuccarello 0 0 0 -1 0 1 0 0 0 0 0/0 10:11 0:00 0:31
Matt Smaby 0 0 0 -2 0 0 3 2 0 2 0/0 23:43 3:51 0:00
Matthew Lombardi 0 0 0 -1 0 2 0 0 0 0 0/6 10:11 0:00 0:31
Nathan Paetsch 0 1 1 1 0 1 1 1 0 1 0/0 10:47 0:00 0:00
Pavel Kubina 1 0 1 -2 0 4 0 1 0 0 0/0 23:43 3:51 0:00
Rostislav Olesz 0 1 1 0 0 0 2 0 1 0 0/0 9:43 0:00 0:00
Stefan Ruzicka 0 0 0 0 0 2 0 1 1 0 0/0 9:43 0:00 0:00
3 Stars
1 - Mike Richards (Det)
2 - Rick Nash (Det)
3 - Phil Kessel (Det)
Power Play
Red Wings - 1 on 1 Attempt(s) - 100,00%
Flyers - 0 on 4 Attempt(s) - 0,00%
Penalty Kill
Red Wings - 4 on 4 Attempt(s) - 100,00%
- Score 0 goal in Penalty Kill
Flyers - 0 on 1 Attempt(s) - 0,00%
- Score 0 goal in Penalty Kill
Team Stat
Red Wings - Hits : 18 - Faceoff Wins : 22 - Blocked Shots : 9 - Penalty Minutes : 8
Flyers - Hits : 21 - Faceoff Wins : 29 - Blocked Shots : 10 - Penalty Minutes : 2
Official
Referees : Dwyer Gord and Charron Francis
Linesman : Lyle Seitz and Mike Cvik
Game Notes
No Game Note
Finance
Level 1 -- Attendance: 5238 (87,30%) -- Ticket Income 445 230 $
Level 2 -- Attendance: 4769 (95,38%) -- Ticket Income 238 450 $
Level 3 -- Attendance: 1771 (88,55%) -- Ticket Income 53 130 $
Level 4 -- Attendance: 4000 (100,00%) -- Ticket Income 80 000 $
Luxury Box -- Attendance: 779 (77,90%) -- Ticket Income 128 535 $
Game was played at the Wells Fargo Center.
Total Attendance: 16557 (91,98%)
Total Ticket Income: 945 345 $
Other Income: 141 802 $
Total Income: 1 087 147 $
Red Wings
5 vs 5 Forward
Center Left Wing Right Wing Time % Phy DF OF
1 Mike Richards Rick Nash Phil Kessel 40 0 2 3
2 Tyler Johnson Sean Bergenheim Steve Downie 30 0 3 2
3 Tomas Plekanec Adam Henrique Ales Hemsky 20 0 3 2
4 Nate Thompson Alex Picard Mike Brown 10 1 2 2
5 vs 5 Defense
Defense Defense Time % Phy DF OF
1 Shea Weber Ole-Kristian Tollefsen 40 0 3 2
2 Stephane Robidas Filip Kuba 35 0 3 2
3 Chris Campoli Tim Ramholt 15 1 3 1
4 Chris Campoli Tim Ramholt 10 1 3 1
PowerPlay Forward
Center Left Wing Right Wing Time % Phy DF OF
1 Mike Richards Rick Nash Phil Kessel 60 0 1 4
2 Tyler Johnson Adam Henrique Sean Bergenheim 40 0 1 4
PowerPlay Defense
Defense Defense Time % Phy DF OF
1 Shea Weber Ole-Kristian Tollefsen 60 0 2 3
2 Filip Kuba Stephane Robidas 40 0 2 3
Penalty Kill 4 Players Forward
Center Wing Time % Phy DF OF
1 Tyler Johnson Steve Downie 50 1 2 2
2 Tomas Plekanec Rick Nash 50 1 2 2
Penalty Kill 4 Players Defense
Defense Defense Time % Phy DF OF
1 Tim Ramholt Ole-Kristian Tollefsen 50 1 2 2
2 Shea Weber Filip Kuba 50 1 2 2
Penalty Kill - 3 Players Forward
Forward Time % Phy DF OF
1 Tyler Johnson 60 1 2 2
2 Steve Downie 40 1 2 2
Penalty Kill - 3 Players Defense
Defense Defense Time % Phy DF OF
1 Tim Ramholt Ole-Kristian Tollefsen 50 1 2 2
2 Shea Weber Filip Kuba 50 1 2 2
4 vs 4 Forward
Center Wing Time % Phy DF OF
1 Mike Richards Rick Nash 60 1 2 2
2 Tyler Johnson Sean Bergenheim 40 1 2 2
4 vs 4 Defense
Defense Defense Time % Phy DF OF
1 Shea Weber Ole-Kristian Tollefsen 60 1 2 2
2 Stephane Robidas Filip Kuba 40 1 2 2
Last Minutes Offensive
Center Left Wing Right Wing Defense Defense
Mike Richards Rick Nash Phil Kessel Shea Weber Ole-Kristian Tollefsen
Last Minutes Defensive
Center Left Wing Right Wing Defense Defense
Tyler Johnson Rick Nash Steve Downie Shea Weber Ole-Kristian Tollefsen
Goaltenders
Starting : Michal Neuvirth
Backup : Mike McKenna
Extra Forwards
Normal : Rick Nash, Sean Bergenheim, Adam Henrique - PP : Steve Downie, Ales Hemsky - PK : Mike Brown
Extra Defensemen
Normal : Shea Weber, Ole-Kristian Tollefsen, Chris Campoli - PP : Chris Campoli - PK : Ole-Kristian Tollefsen, Stephane Robidas
Penalty Shots
Rick Nash, Mike Richards, Steve Downie, Shea Weber, Phil Kessel
Flyers
5 vs 5 Forward
Center Left Wing Right Wing Time % Phy DF OF
1 Jeff Carter Chris Kreider Jakub Voracek 40 1 1 3
2 Kyle Wellwood Dany Heatley Alexei Morozov 30 1 1 3
3 Matthew Lombardi Brock Nelson Mats Zuccarello 15 0 3 2
4 Jeff O'Neill Rostislav Olesz Stefan Ruzicka 15 0 3 2
5 vs 5 Defense
Defense Defense Time % Phy DF OF
1 Jonathan Ericsson Jeff Woywitka 40 0 3 2
2 Matt Smaby Pavel Kubina 40 0 3 2
3 Nathan Paetsch John-Michael Liles 15 0 5 0
4 Jonathan Ericsson Jeff Woywitka 5 0 3 2
PowerPlay Forward
Center Left Wing Right Wing Time % Phy DF OF
1 Jeff Carter Chris Kreider Jakub Voracek 50 0 0 5
2 Kyle Wellwood Dany Heatley Alexei Morozov 50 0 0 5
PowerPlay Defense
Defense Defense Time % Phy DF OF
1 Jonathan Ericsson Jeff Woywitka 60 0 2 3
2 Matt Smaby Pavel Kubina 40 0 3 2
Penalty Kill 4 Players Forward
Center Wing Time % Phy DF OF
1 Matthew Lombardi Mats Zuccarello 60 0 5 0
2 Jeff O'Neill Rostislav Olesz 40 0 5 0
Penalty Kill 4 Players Defense
Defense Defense Time % Phy DF OF
1 Jeff Woywitka Jonathan Ericsson 60 0 5 0
2 Matt Smaby Nathan Paetsch 40 0 5 0
Penalty Kill - 3 Players Forward
Forward Time % Phy DF OF
1 Matthew Lombardi 60 0 5 0
2 Jeff O'Neill 40 0 5 0
Penalty Kill - 3 Players Defense
Defense Defense Time % Phy DF OF
1 Jonathan Ericsson Jeff Woywitka 60 0 5 0
2 Nathan Paetsch Matt Smaby 40 0 5 0
4 vs 4 Forward
Center Wing Time % Phy DF OF
1 Jeff Carter Alexei Morozov 60 1 1 3
2 Kyle Wellwood Dany Heatley 40 0 2 3
4 vs 4 Defense
Defense Defense Time % Phy DF OF
1 Jeff Woywitka Jonathan Ericsson 60 0 3 2
2 Matt Smaby Pavel Kubina 40 0 3 2
Last Minutes Offensive
Center Left Wing Right Wing Defense Defense
Jeff Carter Dany Heatley Alexei Morozov Jeff Woywitka Jonathan Ericsson
Last Minutes Defensive
Center Left Wing Right Wing Defense Defense
Matthew Lombardi Dany Heatley Alexei Morozov Jeff Woywitka Jonathan Ericsson
Goaltenders
Starting : Steve Mason
Backup : Cory Schneider
Extra Forwards
Normal : Jeff Carter, Kyle Wellwood, Alexei Morozov - PP : Jeff Carter, Kyle Wellwood - PK : Matthew Lombardi
Extra Defensemen
Normal : Jonathan Ericsson, Jeff Woywitka, Matt Smaby - PP : Jonathan Ericsson - PK : Jeff Woywitka, Jonathan Ericsson
Penalty Shots
Jeff Carter, Dany Heatley, Kyle Wellwood, Alexei Morozov, Mats Zuccarello
% Time on Ice - Red Wings
Lines # - Real PCT - Wanted PCT - Time Play
Normal Forward
1 - 38% - 40% - 19:34
2 - 27% - 30% - 13:45
3 - 19% - 20% - 10:00
4 - 16% - 10% - 8:14
Normal Defense
1 - 40% - 40% - 20:24
2 - 36% - 35% - 18:24
3 - 14% - 15% - 7:26
4 - 10% - 10% - 5:19
PP Forward
1 - 0% - 60% - 0:00
2 - 100% - 40% - 0:31
PP Defense
1 - 58% - 60% - 0:18
2 - 42% - 40% - 0:13
PK Forward
1 - 47% - 50% - 3:46
2 - 53% - 50% - 4:10
PK Defense
1 - 51% - 50% - 4:04
2 - 49% - 50% - 3:52
PK3 Forward
1 - 0% - 60%
2 - 0% - 40%
PK3 Defense
1 - 0% - 50%
2 - 0% - 50%
44 Forward
1 - 0% - 60%
2 - 0% - 40%
44 Defense
1 - 0% - 60%
2 - 0% - 40%
Last Minute Offensive - 0:00
Last Minute Defensive - 0:00
Total
Forward - 60:00
Defense - 60:00
|
% Time on Ice - Flyers
Lines # - Real PCT - Wanted PCT - Time Play
Normal Forward
1 - 35% - 40% - 18:00
2 - 27% - 30% - 14:10
3 - 19% - 15% - 9:40
4 - 19% - 15% - 9:43
Normal Defense
1 - 41% - 40% - 20:54
2 - 39% - 40% - 19:52
3 - 21% - 15% - 10:47
4 - 0% - 5% - 0:00
PP Forward
1 - 50% - 50% - 3:58
2 - 50% - 50% - 3:58
PP Defense
1 - 51% - 60% - 4:05
2 - 49% - 40% - 3:51
PK Forward
1 - 100% - 60% - 0:31
2 - 0% - 40% - 0:00
PK Defense
1 - 100% - 60% - 0:31
2 - 0% - 40% - 0:00
PK3 Forward
1 - 0% - 60%
2 - 0% - 40%
PK3 Defense
1 - 0% - 60%
2 - 0% - 40%
44 Forward
1 - 0% - 60%
2 - 0% - 40%
44 Defense
1 - 0% - 60%
2 - 0% - 40%
Last Minute Offensive - 0:00
Last Minute Defensive - 0:00
Total
Forward - 60:00
Defense - 60:00
|
Play by Play
1st period
0:01 of 1st period - Jeff Carter wins face-off versus Mike Richards in neutral zone.
0:11 of 1st period - Wrist shot by Phil Kessel.
0:11 of 1st period - Shot Blocked by Jeff Woywitka.
1:07 of 1st period - Minor Penalty to Tomas Plekanec for Boarding.
1:08 of 1st period - Jeff Carter wins face-off versus Tyler Johnson in Red Wings zone.
3:07 of 1st period - Penalty to Tomas Plekanec is over, Tomas Plekanec is back on ice.
3:25 of 1st period - Slapshot by Rostislav Olesz.
3:25 of 1st period - Shot Misses the Net.
3:31 of 1st period - Minor Penalty to Ales Hemsky for Hooking.
3:32 of 1st period - Kyle Wellwood wins face-off versus Tyler Johnson in Red Wings zone.
4:25 of 1st period - Steve Downie is hit by Jeff Carter and loses puck.
4:43 of 1st period - Icing by Kyle Wellwood.
4:44 of 1st period - Tyler Johnson wins face-off versus Kyle Wellwood in Flyers zone.
5:03 of 1st period - Snap shot by Chris Kreider.
5:03 of 1st period - Stopped by Michal Neuvirth without a rebound.
5:04 of 1st period - Jeff Carter wins face-off versus Tyler Johnson in Red Wings zone.
5:31 of 1st period - Penalty to Ales Hemsky is over, Ales Hemsky is back on ice.
6:10 of 1st period - Off-side.
6:11 of 1st period - Mike Richards wins face-off versus Jeff Carter in neutral zone.
6:22 of 1st period - Snap shot by Jeff Carter.
6:22 of 1st period - Shot Misses the Net.
6:36 of 1st period - Alexei Morozov is hit by Alex Picard and loses puck.
7:02 of 1st period - Wrist shot by Matthew Lombardi.
7:02 of 1st period - Stopped by Michal Neuvirth without a rebound.
7:03 of 1st period - Mike Richards wins face-off versus Matthew Lombardi in Red Wings zone.
7:05 of 1st period - Minor Penalty to Chris Campoli for Interference.
7:06 of 1st period - Jeff Carter wins face-off versus Tyler Johnson in Red Wings zone.
7:32 of 1st period - Kyle Wellwood is hit by Shea Weber.
7:52 of 1st period - Wrist shot by Steve Downie.
7:52 of 1st period - Shot Blocked by Matt Smaby.
7:54 of 1st period - Wrist shot by Tyler Johnson.
7:54 of 1st period - Shot Misses the Net.
9:05 of 1st period - Penalty to Chris Campoli is over, Chris Campoli is back on ice.
9:13 of 1st period - Snap shot by Tomas Plekanec.
9:13 of 1st period - Shot Blocked by Matt Smaby.
9:21 of 1st period - Chris Campoli is hit by Matt Smaby.
10:41 of 1st period - Filip Kuba is hit by Kyle Wellwood and loses puck.
11:10 of 1st period - Mike Brown is hit by Matt Smaby and loses puck.
11:48 of 1st period - Snap shot by Mike Richards.
11:48 of 1st period - Shot Hit the Post.
12:00 of 1st period - Jeff Woywitka is hit by Tomas Plekanec and loses puck.
12:11 of 1st period - Shea Weber is hit by Chris Kreider and loses puck.
12:51 of 1st period - Jeff Woywitka is hit by Mike Brown and loses puck.
13:20 of 1st period - Phil Kessel is hit by Brock Nelson and loses puck.
13:33 of 1st period - Mats Zuccarello is hit by Mike Brown and loses puck.
14:04 of 1st period - Tyler Johnson is hit by Matt Smaby and loses puck.
14:15 of 1st period - Slapshot by Dany Heatley.
14:15 of 1st period - Stopped by Michal Neuvirth without a rebound.
14:16 of 1st period - Mike Richards wins face-off versus Jeff Carter in Red Wings zone.
15:00 of 1st period - Tomas Plekanec is hit by Kyle Wellwood and loses puck.
16:20 of 1st period - Wrist shot by Tomas Plekanec.
16:20 of 1st period - Deflect By Kyle Wellwood.
16:20 of 1st period - Stopped by Steve Mason with a rebound.
16:22 of 1st period - Slapshot by Tim Ramholt.
16:22 of 1st period - Stopped by Steve Mason without a rebound.
16:23 of 1st period - Mike Richards wins face-off versus Jeff Carter in Flyers zone.
16:36 of 1st period - Wrist shot by Phil Kessel.
16:36 of 1st period - Deflect By Mike Richards.
16:36 of 1st period - Stopped by Steve Mason without a rebound.
16:37 of 1st period - Kyle Wellwood wins face-off versus Mike Richards in Flyers zone.
17:04 of 1st period - Matt Smaby is hit by Tomas Plekanec and loses puck.
17:12 of 1st period - Snap shot by Ales Hemsky.
17:12 of 1st period - Shot Blocked by Pavel Kubina.
17:14 of 1st period - Slapshot by Stephane Robidas.
17:14 of 1st period - Goal by Stephane Robidas - Red Wings : 1 - Flyers : 0.
17:15 of 1st period - Jeff Carter wins face-off versus Mike Richards in neutral zone.
17:22 of 1st period - Snap shot by Jakub Voracek.
17:22 of 1st period - Stopped by Michal Neuvirth without a rebound.
17:23 of 1st period - Mike Richards wins face-off versus Jeff Carter in Red Wings zone.
17:23 of 1st period - Mike Richards is hit by Jeff Carter.
18:13 of 1st period - Backhand shot by Jakub Voracek.
18:13 of 1st period - Deflect By Jeff Carter.
18:13 of 1st period - Shot Blocked by Phil Kessel.
18:13 of 1st period - Puck is out of play.
18:14 of 1st period - Tyler Johnson wins face-off versus Kyle Wellwood in Red Wings zone.
18:39 of 1st period - Ales Hemsky is hit by Rostislav Olesz and loses puck.
19:10 of 1st period - Snap shot by Mats Zuccarello.
19:10 of 1st period - Deflect By Matthew Lombardi.
19:10 of 1st period - Stopped by Michal Neuvirth without a rebound.
19:11 of 1st period - Tyler Johnson wins face-off versus Jeff Carter in Red Wings zone.
19:21 of 1st period - Slapshot by Jeff Carter.
19:21 of 1st period - Shot Hit the Post.
19:25 of 1st period - Snap shot by Jakub Voracek.
19:25 of 1st period - Shot Misses the Net.
19:27 of 1st period - Wrist shot by Jakub Voracek.
19:27 of 1st period - Stopped by Michal Neuvirth without a rebound.
19:28 of 1st period - Mike Richards wins face-off versus Kyle Wellwood in Red Wings zone.
19:39 of 1st period - Wrist shot by Alexei Morozov.
19:39 of 1st period - Shot Misses the Net.
19:41 of 1st period - Slapshot by Pavel Kubina.
19:41 of 1st period - Stopped by Michal Neuvirth with a rebound.
19:43 of 1st period - Backhand shot by Dany Heatley.
19:43 of 1st period - Stopped by Michal Neuvirth without a rebound.
19:44 of 1st period - Jeff Carter wins face-off versus Tyler Johnson in Red Wings zone.
19:53 of 1st period - Wrist shot by Tyler Johnson.
19:53 of 1st period - Deflect By Steve Downie.
19:53 of 1st period - Stopped by Steve Mason with a rebound.
Goals for this period are 1 for Red Wings vs 0 for Flyers.
Shots for this period are 5 for Red Wings vs 8 for Flyers.
2nd period
0:01 of 2nd period - Mike Richards wins face-off versus Jeff Carter in neutral zone.
0:16 of 2nd period - Snap shot by Mike Richards.
0:16 of 2nd period - Shot Misses the Net.
0:36 of 2nd period - Snap shot by Dany Heatley.
0:36 of 2nd period - Shot Blocked by Ole-Kristian Tollefsen.
0:42 of 2nd period - Snap shot by Dany Heatley.
0:42 of 2nd period - Stopped by Michal Neuvirth with a rebound.
0:52 of 2nd period - Snap shot by Ales Hemsky.
0:52 of 2nd period - Stopped by Steve Mason with a rebound.
1:18 of 2nd period - Snap shot by Nate Thompson.
1:18 of 2nd period - Shot Misses the Net.
1:20 of 2nd period - Wrist shot by Alex Picard.
1:20 of 2nd period - Shot Misses the Net.
1:22 of 2nd period - Wrist shot by Ole-Kristian Tollefsen.
1:22 of 2nd period - Stopped by Steve Mason with a rebound.
1:37 of 2nd period - Icing by Phil Kessel.
1:38 of 2nd period - Jeff Carter wins face-off versus Phil Kessel in Red Wings zone.
2:01 of 2nd period - Stephane Robidas is hit by Jeff Carter and loses puck.
2:08 of 2nd period - Snap shot by Jeff Carter.
2:08 of 2nd period - Stopped by Michal Neuvirth with a rebound.
2:22 of 2nd period - John-Michael Liles is hit by Filip Kuba and loses puck.
2:56 of 2nd period - Wrist shot by Mike Richards.
2:56 of 2nd period - Shot Misses the Net.
2:58 of 2nd period - Snap shot by Rick Nash.
2:58 of 2nd period - Stopped by Steve Mason with a rebound.
3:00 of 2nd period - Snap shot by Phil Kessel.
3:00 of 2nd period - Stopped by Steve Mason with a rebound.
3:04 of 2nd period - Slapshot by Rick Nash.
3:04 of 2nd period - Stopped by Steve Mason with a rebound.
3:06 of 2nd period - Snap shot by Stephane Robidas.
3:06 of 2nd period - Shot Blocked by John-Michael Liles.
3:08 of 2nd period - Wrist shot by Rick Nash.
3:08 of 2nd period - Stopped by Steve Mason with a rebound.
3:10 of 2nd period - Wrist shot by Phil Kessel.
3:10 of 2nd period - Deflect By Mike Richards.
3:10 of 2nd period - Shot Misses the Net.
3:10 of 2nd period - Puck is out of play.
3:11 of 2nd period - Tyler Johnson wins face-off versus Kyle Wellwood in Flyers zone.
3:16 of 2nd period - Snap shot by Steve Downie.
3:16 of 2nd period - Stopped by Steve Mason with a rebound.
3:20 of 2nd period - Slapshot by Sean Bergenheim.
3:20 of 2nd period - Shot Misses the Net.
3:22 of 2nd period - Wrist shot by Sean Bergenheim.
3:22 of 2nd period - Stopped by Steve Mason without a rebound.
3:23 of 2nd period - Kyle Wellwood wins face-off versus Tyler Johnson in Flyers zone.
3:34 of 2nd period - Snap shot by Sean Bergenheim.
3:34 of 2nd period - Stopped by Steve Mason with a rebound.
3:48 of 2nd period - Jonathan Ericsson is hit by Ole-Kristian Tollefsen and loses puck.
4:40 of 2nd period - Icing by Steve Downie.
4:41 of 2nd period - Jeff O'Neill wins face-off versus Tyler Johnson in Red Wings zone.
4:42 of 2nd period - Wrist shot by Rostislav Olesz.
4:42 of 2nd period - Shot Hit the Post.
5:44 of 2nd period - Wrist shot by Rick Nash.
5:44 of 2nd period - Shot Misses the Net.
6:02 of 2nd period - Wrist shot by Adam Henrique.
6:02 of 2nd period - Shot Misses the Net.
6:04 of 2nd period - Wrist shot by Tomas Plekanec.
6:04 of 2nd period - Stopped by Steve Mason with a rebound.
6:43 of 2nd period - Wrist shot by Mats Zuccarello.
6:43 of 2nd period - Stopped by Michal Neuvirth with a rebound.
7:00 of 2nd period - Slapshot by Chris Kreider.
7:00 of 2nd period - Stopped by Michal Neuvirth with a rebound.
7:02 of 2nd period - Snap shot by Chris Kreider.
7:02 of 2nd period - Stopped by Michal Neuvirth with a rebound.
7:49 of 2nd period - Off-side.
7:50 of 2nd period - Mike Richards wins face-off versus Matthew Lombardi in neutral zone.
8:55 of 2nd period - Snap shot by Dany Heatley.
8:55 of 2nd period - Stopped by Michal Neuvirth with a rebound.
8:57 of 2nd period - Slapshot by Alexei Morozov.
8:57 of 2nd period - Shot Misses the Net.
8:59 of 2nd period - Backhand shot by Kyle Wellwood.
8:59 of 2nd period - Shot Misses the Net.
9:01 of 2nd period - Snap shot by Jeff Woywitka.
9:01 of 2nd period - Shot Blocked by Mike Brown.
9:03 of 2nd period - Snap shot by Kyle Wellwood.
9:03 of 2nd period - Stopped by Michal Neuvirth with a rebound.
9:23 of 2nd period - Snap shot by Phil Kessel.
9:23 of 2nd period - Shot Blocked by Stefan Ruzicka.
9:25 of 2nd period - Wrist shot by Shea Weber.
9:25 of 2nd period - Deflect By Rick Nash.
9:25 of 2nd period - Stopped by Steve Mason with a rebound.
9:27 of 2nd period - Slapshot by Phil Kessel.
9:27 of 2nd period - Stopped by Steve Mason with a rebound.
9:29 of 2nd period - Snap shot by Shea Weber.
9:29 of 2nd period - Stopped by Steve Mason with a rebound.
10:07 of 2nd period - Slapshot by Alexei Morozov.
10:07 of 2nd period - Shot Misses the Net.
10:09 of 2nd period - Slapshot by Alexei Morozov.
10:09 of 2nd period - Goal by Alexei Morozov - Red Wings : 1 - Flyers : 1.
10:10 of 2nd period - Phil Kessel wins face-off versus Jeff Carter in neutral zone.
10:51 of 2nd period - Jeff O'Neill is hit by Phil Kessel and loses puck.
11:30 of 2nd period - Snap shot by Rick Nash.
11:30 of 2nd period - Shot Misses the Net.
11:32 of 2nd period - Wrist shot by Mike Richards.
11:32 of 2nd period - Shot Misses the Net.
11:34 of 2nd period - Slapshot by Ole-Kristian Tollefsen.
11:34 of 2nd period - Stopped by Steve Mason without a rebound.
11:35 of 2nd period - Tyler Johnson wins face-off versus Jeff Carter in Flyers zone.
11:36 of 2nd period - Slapshot by Sean Bergenheim.
11:36 of 2nd period - Shot Misses the Net.
11:38 of 2nd period - Slapshot by Stephane Robidas.
11:38 of 2nd period - Shot Misses the Net.
11:45 of 2nd period - Minor Penalty to Chris Kreider for Interference.
11:46 of 2nd period - Tyler Johnson wins face-off versus Matthew Lombardi in Flyers zone.
11:58 of 2nd period - Wrist shot by Adam Henrique.
11:58 of 2nd period - Stopped by Steve Mason without a rebound.
11:59 of 2nd period - Tyler Johnson wins face-off versus Matthew Lombardi in Flyers zone.
12:06 of 2nd period - Wrist shot by Adam Henrique.
12:06 of 2nd period - Deflect By Sean Bergenheim.
12:06 of 2nd period - Shot Blocked by Jeff Woywitka.
12:06 of 2nd period - Puck is out of play.
12:07 of 2nd period - Tyler Johnson wins face-off versus Matthew Lombardi in Flyers zone.
12:10 of 2nd period - Slapshot by Adam Henrique.
12:10 of 2nd period - Stopped by Steve Mason with a rebound.
12:12 of 2nd period - Snap shot by Adam Henrique.
12:12 of 2nd period - Shot Blocked by Jonathan Ericsson.
12:14 of 2nd period - Snap shot by Sean Bergenheim.
12:14 of 2nd period - Shot Misses the Net.
12:16 of 2nd period - Wrist shot by Sean Bergenheim.
12:16 of 2nd period - Goal by Sean Bergenheim - Red Wings : 2 - Flyers : 1.
12:17 of 2nd period - Jeff Carter wins face-off versus Sean Bergenheim in neutral zone.
12:22 of 2nd period - Snap shot by Jakub Voracek.
12:22 of 2nd period - Stopped by Michal Neuvirth with a rebound.
12:24 of 2nd period - Snap shot by Chris Kreider.
12:24 of 2nd period - Shot Misses the Net.
12:32 of 2nd period - Wrist shot by Chris Kreider.
12:32 of 2nd period - Shot Misses the Net.
13:25 of 2nd period - Shea Weber is hit by Chris Kreider and loses puck.
13:32 of 2nd period - Wrist shot by Jeff Carter.
13:32 of 2nd period - Shot Misses the Net.
13:44 of 2nd period - Jeff Woywitka is hit by Ole-Kristian Tollefsen and loses puck.
14:27 of 2nd period - Jeff Carter is hit by Ole-Kristian Tollefsen.
15:42 of 2nd period - Rostislav Olesz is hit by Tomas Plekanec and loses puck.
16:06 of 2nd period - Slapshot by Pavel Kubina.
16:06 of 2nd period - Goal by Pavel Kubina - Red Wings : 2 - Flyers : 2.
16:07 of 2nd period - Jeff Carter wins face-off versus Tyler Johnson in neutral zone.
16:20 of 2nd period - Wrist shot by Jeff Carter.
16:20 of 2nd period - Shot Blocked by Steve Downie.
17:09 of 2nd period - Slapshot by Jonathan Ericsson.
17:09 of 2nd period - Stopped by Michal Neuvirth with a rebound.
17:45 of 2nd period - Slapshot by Matt Smaby.
17:45 of 2nd period - Shot Misses the Net.
18:05 of 2nd period - Wrist shot by Rick Nash.
18:05 of 2nd period - Stopped by Steve Mason without a rebound.
18:06 of 2nd period - Kyle Wellwood wins face-off versus Mike Richards in Flyers zone.
Goals for this period are 1 for Red Wings vs 2 for Flyers.
Shots for this period are 18 for Red Wings vs 11 for Flyers.
3rd period
0:01 of 3rd period - Mike Richards wins face-off versus Jeff Carter in neutral zone.
1:09 of 3rd period - Mats Zuccarello is hit by Mike Richards and loses puck.
1:16 of 3rd period - Wrist shot by Rick Nash.
1:16 of 3rd period - Stopped by Steve Mason without a rebound.
1:17 of 3rd period - Jeff Carter wins face-off versus Tyler Johnson in Flyers zone.
1:26 of 3rd period - Snap shot by Chris Kreider.
1:26 of 3rd period - Shot Blocked by Steve Downie.
1:28 of 3rd period - Slapshot by Jeff Carter.
1:28 of 3rd period - Stopped by Michal Neuvirth with a rebound.
1:30 of 3rd period - Slapshot by Chris Kreider.
1:30 of 3rd period - Stopped by Michal Neuvirth with a rebound.
2:02 of 3rd period - Tim Ramholt is hit by Nathan Paetsch and loses puck.
2:25 of 3rd period - Slapshot by Chris Campoli.
2:25 of 3rd period - Shot Blocked by Nathan Paetsch.
2:43 of 3rd period - Snap shot by Jeff Carter.
2:43 of 3rd period - Stopped by Michal Neuvirth with a rebound.
3:15 of 3rd period - Snap shot by Rostislav Olesz.
3:15 of 3rd period - Shot Blocked by Stephane Robidas.
3:18 of 3rd period - Icing by Mike Richards.
3:19 of 3rd period - Mike Richards wins face-off versus Jeff Carter in Red Wings zone.
3:48 of 3rd period - Slapshot by Stephane Robidas.
3:48 of 3rd period - Shot Misses the Net.
3:51 of 3rd period - Icing by Jeff Woywitka.
3:52 of 3rd period - Dany Heatley wins face-off versus Tyler Johnson in Flyers zone.
3:59 of 3rd period - Snap shot by Kyle Wellwood.
3:59 of 3rd period - Stopped by Michal Neuvirth with a rebound.
4:30 of 3rd period - Slapshot by Kyle Wellwood.
4:30 of 3rd period - Stopped by Michal Neuvirth without a rebound.
4:31 of 3rd period - Jeff Carter wins face-off versus Tyler Johnson in Red Wings zone.
4:40 of 3rd period - Wrist shot by Jeff Carter.
4:40 of 3rd period - Shot Misses the Net.
4:42 of 3rd period - Slapshot by Pavel Kubina.
4:42 of 3rd period - Deflect By Jakub Voracek.
4:42 of 3rd period - Stopped by Michal Neuvirth with a rebound.
4:44 of 3rd period - Snap shot by Jeff Carter.
4:44 of 3rd period - Stopped by Michal Neuvirth without a rebound.
4:45 of 3rd period - Jakub Voracek wins face-off versus Mike Richards in Red Wings zone.
4:54 of 3rd period - Wrist shot by Jakub Voracek.
4:54 of 3rd period - Stopped by Michal Neuvirth with a rebound.
4:56 of 3rd period - Slapshot by Jakub Voracek.
4:56 of 3rd period - Stopped by Michal Neuvirth without a rebound.
4:57 of 3rd period - Jeff Carter wins face-off versus Mike Richards in Red Wings zone.
5:06 of 3rd period - Snap shot by Mike Richards.
5:06 of 3rd period - Shot Misses the Net.
5:22 of 3rd period - Kyle Wellwood is hit by Ole-Kristian Tollefsen and loses puck.
6:40 of 3rd period - Slapshot by Jeff Carter.
6:40 of 3rd period - Shot Blocked by Chris Campoli.
6:42 of 3rd period - Snap shot by Jakub Voracek.
6:42 of 3rd period - Shot Misses the Net.
6:44 of 3rd period - Wrist shot by Jeff Carter.
6:44 of 3rd period - Goal by Jeff Carter - Red Wings : 2 - Flyers : 3.
6:45 of 3rd period - Kyle Wellwood wins face-off versus Mike Richards in neutral zone.
7:01 of 3rd period - Minor Penalty to Rick Nash for High sticking.
7:02 of 3rd period - Jeff Carter wins face-off versus Tyler Johnson in Red Wings zone.
8:21 of 3rd period - Snap shot by Shea Weber.
8:21 of 3rd period - Shot Hit the Post.
8:33 of 3rd period - Alexei Morozov is hit by Filip Kuba and loses puck.
9:01 of 3rd period - Penalty to Rick Nash is over, Rick Nash is back on ice.
9:18 of 3rd period - Snap shot by Rick Nash.
9:18 of 3rd period - Stopped by Steve Mason with a rebound.
9:20 of 3rd period - Wrist shot by Mike Richards.
9:20 of 3rd period - Goal by Mike Richards - Red Wings : 3 - Flyers : 3.
9:21 of 3rd period - Jeff Carter wins face-off versus Rick Nash in neutral zone.
9:36 of 3rd period - Snap shot by Mike Richards.
9:36 of 3rd period - Deflect By Rick Nash.
9:36 of 3rd period - Goal by Rick Nash - Red Wings : 4 - Flyers : 3.
9:37 of 3rd period - Jeff Carter wins face-off versus Mike Richards in neutral zone.
10:49 of 3rd period - Jeff Carter is hit by Stephane Robidas.
10:57 of 3rd period - Snap shot by Jeff Carter.
10:57 of 3rd period - Shot Blocked by Alex Picard.
11:13 of 3rd period - Snap shot by Rick Nash.
11:13 of 3rd period - Goal by Rick Nash - Red Wings : 5 - Flyers : 3.
11:14 of 3rd period - Mike Richards wins face-off versus Jeff Carter in neutral zone.
11:25 of 3rd period - Slapshot by Pavel Kubina.
11:25 of 3rd period - Deflect By Rick Nash.
11:25 of 3rd period - Stopped by Michal Neuvirth with a rebound.
11:41 of 3rd period - Sean Bergenheim is hit by Kyle Wellwood.
11:47 of 3rd period - Snap shot by Tyler Johnson.
11:47 of 3rd period - Stopped by Steve Mason without a rebound.
11:48 of 3rd period - Alexei Morozov wins face-off versus Tyler Johnson in Flyers zone.
11:55 of 3rd period - Slapshot by Nathan Paetsch.
11:55 of 3rd period - Stopped by Michal Neuvirth without a rebound.
11:56 of 3rd period - Kyle Wellwood wins face-off versus Tyler Johnson in Red Wings zone.
12:03 of 3rd period - Snap shot by Kyle Wellwood.
12:03 of 3rd period - Shot Misses the Net.
12:05 of 3rd period - Snap shot by Kyle Wellwood.
12:05 of 3rd period - Stopped by Michal Neuvirth with a rebound.
12:07 of 3rd period - Slapshot by Pavel Kubina.
12:07 of 3rd period - Shot Misses the Net.
12:09 of 3rd period - Slapshot by Pavel Kubina.
12:09 of 3rd period - Stopped by Michal Neuvirth without a rebound.
12:10 of 3rd period - Jeff Carter wins face-off versus Mike Richards in Red Wings zone.
12:15 of 3rd period - Snap shot by Jakub Voracek.
12:15 of 3rd period - Shot Misses the Net.
12:41 of 3rd period - Chris Kreider is hit by Filip Kuba and loses puck.
13:16 of 3rd period - Slapshot by Kyle Wellwood.
13:16 of 3rd period - Shot Misses the Net.
13:18 of 3rd period - Snap shot by Dany Heatley.
13:18 of 3rd period - Deflect By Alexei Morozov.
13:18 of 3rd period - Shot Misses the Net.
13:18 of 3rd period - Puck is out of play.
13:19 of 3rd period - Mike Richards wins face-off versus Matthew Lombardi in Red Wings zone.
13:24 of 3rd period - Snap shot by Phil Kessel.
13:24 of 3rd period - Shot Blocked by Jeff Woywitka.
13:32 of 3rd period - Shea Weber is hit by Jonathan Ericsson and loses puck.
14:09 of 3rd period - Ales Hemsky is hit by Jonathan Ericsson and loses puck.
15:17 of 3rd period - Slapshot by Kyle Wellwood.
15:17 of 3rd period - Shot Blocked by Chris Campoli.
15:19 of 3rd period - Snap shot by Kyle Wellwood.
15:19 of 3rd period - Stopped by Michal Neuvirth without a rebound.
15:20 of 3rd period - Chris Kreider wins face-off versus Tomas Plekanec in Red Wings zone.
15:45 of 3rd period - Shea Weber is hit by Kyle Wellwood.
15:49 of 3rd period - Matt Smaby is hit by Stephane Robidas and loses puck.
16:30 of 3rd period - Mike Brown is hit by Rostislav Olesz and loses puck.
16:37 of 3rd period - Snap shot by Stefan Ruzicka.
16:37 of 3rd period - Stopped by Michal Neuvirth with a rebound.
16:39 of 3rd period - Slapshot by Stefan Ruzicka.
16:39 of 3rd period - Stopped by Michal Neuvirth without a rebound.
16:40 of 3rd period - Jeff Carter wins face-off versus Tomas Plekanec in Red Wings zone.
17:17 of 3rd period - Wrist shot by Phil Kessel.
17:17 of 3rd period - Shot Misses the Net.
17:33 of 3rd period - Tyler Johnson is hit by Brock Nelson and loses puck.
18:32 of 3rd period - Phil Kessel is hit by Dany Heatley.
18:40 of 3rd period - Snap shot by Mike Richards.
18:40 of 3rd period - Deflect By Alexei Morozov.
18:40 of 3rd period - Stopped by Steve Mason with a rebound.
19:28 of 3rd period - Wrist shot by Alexei Morozov.
19:28 of 3rd period - Stopped by Michal Neuvirth without a rebound.
19:29 of 3rd period - Mike Richards wins face-off versus Jeff O'Neill in Red Wings zone.
19:49 of 3rd period - Stephane Robidas is hit by Jakub Voracek and loses puck.
19:57 of 3rd period - Icing by Sean Bergenheim.
19:58 of 3rd period - Chris Kreider wins face-off versus Mike Richards in Red Wings zone.
19:59 of 3rd period - Wrist shot by Jakub Voracek.
19:59 of 3rd period - Stopped by Michal Neuvirth with a rebound.
Goals for this period are 3 for Red Wings vs 1 for Flyers.
Shots for this period are 7 for Red Wings vs 19 for Flyers.
Back to the Top